 Dungeon Crawl Stone Soup version 0.29.1-2-gbd0b4ee654 (webtiles) character file.

Game seed: 14182703843972097651

54 cdecastro the Shooter (level 3, 0/26 HPs)
             Began as a Barachi Arcane Marksman on Nov 19, 2022.
             Was a Follower of Trog.
             Succumbed to Terence's poison
             ... on level 2 of the Dungeon.
             The game lasted 00:02:15 (1044 turns).

cdecastro the Shooter (Barachi Arcane Marksman)     Turns: 1044, Time: 00:02:15

Health: 0/26       AC:  3    Str: 13    XL:     3   Next: 91%
Magic:  4/4        EV: 12    Int: 13    God:    Trog [*.....]
Gold:   44         SH:  0    Dex: 12    Spells: 3/4 levels left

rFire   . . .      SeeInvis .   b - +2 hand axe (elec)
rCold   . . .      Faith    .   (no shield)
rNeg    . . .      Spirit   .   c - +0 robe
rPois   .          Reflect  .   m - +0 helmet
rElec   .          Harm     .   (no cloak)
rCorr   .          Rampage  .   (no gloves)
Will    .....                   (no boots)
Stlth   +.........              e - amulet of magic regeneration
HPRegen 0.08/turn               (no ring)
MPRegen 0.49/turn               (no ring)

@: lethally poisoned (0 -> -8), on berserk cooldown, slowed, very slow
A: amphibious, slowness 1, strong legs 1, +LOS
a: Hop, Renounce Religion, Berserk


You were on level 2 of the Dungeon.
You worshipped Trog.
Trog was aware of your devotion.
You visited 1 branch of the dungeon, and saw 2 of its levels.

You collected 44 gold pieces.

Inventory:

Hand Weapons
 a - a +1 sling
 b - a +2 hand axe of electrocution (weapon)
 n - a +0 dagger of venom
Armour
 c - a +0 robe (worn)
 m - a +0 helmet (worn)
Magical Staves
 g - a staff of fire
Jewellery
 e - an amulet of magic regeneration (around neck)
Scrolls
 f - 2 scrolls of teleportation {unknown}
 h - a scroll of immolation {unknown}
 i - a scroll of poison
 k - a scroll of amnesia {unknown}
 l - 3 scrolls of identify {unknown}
 o - a scroll of magic mapping {unknown}
Potions
 d - 2 potions of attraction {unknown}
 j - a potion of lignification {unknown}


   Skills:
 - Level 1.2 Fighting
 + Level 4.1 Ranged Weapons
 - Level 2.1 Dodging
 - Level 1.1 Spellcasting
 - Level 3.2 Hexes


You had 3 spell levels left.
You knew the following spells:

 Your Spells              Type           Power      Damage    Failure   Level
a - Slow                  Hex            36%        N/A       8%          1

Your spell library contained the following spells:

 Spells                   Type           Power      Damage    Failure   Level
 Inner Flame              Hex/Fire       4%         N/A       38%         3
 Portal Projectile        Hex/Tloc       8%         N/A       38%         3
 Cause Fear               Hex            4%         N/A       58%         4


Dungeon Overview and Level Annotations

Branches:
Dungeon (2/15)

Altars:
Trog


Innate Abilities, Weirdness & Mutations

You are amphibious.
You cover ground slowly.
You can hop short distances.
You have an extended range of vision and can be seen from far away.


Message History

You feel sick. Terence barely misses you.
You hit Terence.
Terence is lightly wounded.
You feel sick.
Terence hits you with a +2 short sword of venom.
You hit Terence but do no damage.
Terence is lightly wounded.
You feel sick.
You slash Terence!
Terence is almost dead.
You feel sick. Terence closely misses you.
You hit Terence but do no damage.
Terence is almost dead.
You feel sick.
Terence hits you with a +2 short sword of venom.
* * * LOW HITPOINT WARNING * * *
You completely miss Terence.
Terence is almost dead.
You feel sick. Terence barely misses you.
You hit Terence but do no damage.
Terence is almost dead.
You feel sick.
Terence hits you with a +2 short sword of venom.
* * * LOW HITPOINT WARNING * * *
You are lethally poisoned!
You slash Terence!
You kill Terence!
Trog accepts your kill.
* * * LOW HITPOINT WARNING * * *
You feel sick.
Your Ranged Weapons skill increases to level 4!
* * * LOW HITPOINT WARNING * * *
You feel very sick.
Things that are here:
a +2 short sword of venom; a +0 chain mail; the human corpse of Terence You feel a strong urge to attack something.
You are no longer berserk.
You are exhausted.
You feel yourself slow down.
You die...

######## #......#
## #......# .#
#.....(# ### .#
####......# .. .#
##.........# #.
.###.......####
#.#.#....>....#
#.@.#.........#
#?)##..#.####.#
#.$.#..#.# #.#
###.....#.####.#
#......#+##....#.#
#####......##### #
+.....<# #......#
########


There were no monsters in sight!

Vanquished Creatures
  Terence (D:2)
  An adder (D:2)
  4 endoplasms (D:1)
  4 goblins (D:1)
  2 hobgoblins (D:1)
  2 ball pythons (D:1)
  A bat (D:1)
  A frilled lizard (D:1)
  2 kobolds (D:1)
  2 rats (D:1)
20 creatures vanquished.

Notes
Turn   | Place    | Note
-------+----------+-------------------------------------------
     0 | D:1      | cdecastro the Barachi Arcane Marksman began the quest for
                  | the Orb.
     0 | D:1      | Reached XP level 1. HP: 15/15 MP: 2/2
   112 | D:1      | Found a faded altar of an unknown god.
   170 | D:1      | Reached XP level 2. HP: 6/21 MP: 1/3
   537 | D:1      | Reached skill level 3 in Ranged Weapons
   866 | D:1      | Prayed at the altar of an unknown god.
   866 | D:1      | Became a worshipper of Trog the Wrathful
   866 | D:1      | Reached * piety under Trog
   893 | D:2      | Reached XP level 3. HP: 26/26 MP: 4/4
  1026 | D:2      | Noticed Terence
  1042 | D:2      | Killed Terence
  1043 | D:2      | Reached skill level 4 in Ranged Weapons
  1044 | D:2      | Succumbed to Terence's poison

Illustrated notes

Levels and vault maps discovered:
D:1:      erik_arrival_orb_chamber, layout_basic,
          chequers_ecumenical_altar_simple, grunt_decor_mini_mirrors
D:2:      layout_basic, uniq_terence

Skill      XL: |  1  2  3 |
---------------+----------+-----
Ranged Weapons | 3 4 |  4.1
Fighting       | |  1.2
Dodging        | |  2.1
Spellcasting   | |  1.1
Hexes          | |  3.2

Action                   || total
-------------------------++-------
Melee: Dagger            ||     9
       Hand axe          ||    17
 Fire: Sling             ||    42
 Cast: Slow              ||     5
Invok: Berserk           ||     2
Armor: Robe              ||     6
Dodge: Dodged            ||    18
